TOP OF THE 1ST |
Hickory Crawdads batting - Pitching for Bowling Green Hot Rods : RHP Jaylin Green
|
Pitching: RHP Jaylin Green
|
|
Batting: RHB Nate Taylor
|
0-0: Called Strike 0-1: Ball 1-1: Fly out, F9 (Flyball, 89M, EV 78.1 MPH)
|
Batting: RHB Matt Sanders
|
0-0: Ground out U3 (Groundball, 3S, EV 64.4 MPH)
|
Batting: LHB Tim Olsen
|
0-0: Called Strike 0-1: Called Strike 0-2: Strikes out swinging
|
Top of the 1st over - 0 runs, 0 hits, 0 errors, 0 left on base; Hickory 0 - Bowling Green 0 |
BOTTOM OF THE 1ST |
Bowling Green Hot Rods batting - Pitching for Hickory Crawdads : RHP Dan Rohrbach
|
Pitching: RHP Dan Rohrbach
|
|
Batting: RHB Antonio Pacheco
|
0-0: Ball 1-0: Foul Ball, location: 2F 1-1: SINGLE (Groundball, 6MS, EV 68.8 MPH) (infield hit)
|
Batting: RHB Azedine Kirui
|
0-0: Swinging Strike 0-1: Called Strike 0-2: Foul Ball, location: 2F 0-2: Ball 1-2: Ball 2-2: Foul Ball, location: 2F 2-2: Ground out 5-3 (Groundball, 56S, EV 71.9 MPH) Antonio Pacheco to second
|
Batting: RHB Alex Diaz
|
0-0: Called Strike 0-1: Ball 1-1: Ball 2-1: Swinging Strike 2-2: Ball 3-2: Strikes out swinging
|
Batting: SHB Joey Pacheco
|
0-0: Ball 1-0: Ball 2-0: Ball 3-0: Called Strike 3-1: Called Strike 3-2: Foul Ball, location: 2F 3-2: Base on Balls
|
Batting: LHB Rich Matthews
|
0-0: Ball 1-0: Fly out, F9 (Flyball, 89M, EV 90.0 MPH)
|
Bottom of the 1st over - 0 runs, 1 hit, 0 errors, 2 left on base; Hickory 0 - Bowling Green 0 |
TOP OF THE 2ND |
Hickory Crawdads batting - Pitching for Bowling Green Hot Rods : RHP Jaylin Green
|
Batting: RHB Sean Neuroth
|
0-0: Ball 1-0: Ball 2-0: Foul Ball, location: 2F 2-1: Called Strike 2-2: Ball 3-2: Foul Ball, location: 2F 3-2: Fly out, F4 (Line Drive, 4, EV 70.6 MPH)
|
Batting: RHB Jorge Benites
|
0-0: Called Strike 0-1: Ball 1-1: Ball 2-1: Ball 3-1: Called Strike 3-2: Ground out 5-3 (Groundball, 56, EV 84.4 MPH)
|
Batting: RHB Victor Moya
|
0-0: Foul Ball, location: 2F 0-1: Ball 1-1: Swinging Strike 1-2: Ground out U3 (Groundball, 3S, EV 69.4 MPH)
|
Top of the 2nd over - 0 runs, 0 hits, 0 errors, 0 left on base; Hickory 0 - Bowling Green 0 |
BOTTOM OF THE 2ND |
Bowling Green Hot Rods batting - Pitching for Hickory Crawdads : RHP Dan Rohrbach
|
Batting: RHB John Downing
|
0-0: Called Strike 0-1: Swinging Strike 0-2: Strikes out swinging
|
Batting: LHB Sean Banks
|
0-0: Ball 1-0: Called Strike 1-1: Ground out 3-1 (Groundball, 34, EV 77.5 MPH)
|
Batting: RHB Devin Brown
|
0-0: Called Strike 0-1: Foul Ball, location: 2F 0-2: Foul Ball, location: 2F 0-2: DOUBLE (Line Drive, 9LS, EV 97.5 MPH)
|
Batting: LHB Jimmy Detrie
|
0-0: Ground out 4-3 (Groundball, 4, EV 93.8 MPH)
|
Bottom of the 2nd over - 0 runs, 1 hit, 0 errors, 1 left on base; Hickory 0 - Bowling Green 0 |
TOP OF THE 3RD |
Hickory Crawdads batting - Pitching for Bowling Green Hot Rods : RHP Jaylin Green
|
Batting: RHB Isaiah Yarbrough
|
0-0: Ball 1-0: Called Strike 1-1: Ground out 6-3 (Groundball, 6, EV 88.1 MPH)
|
Batting: RHB Salvador Caldera
|
0-0: Called Strike 0-1: Called Strike 0-2: SINGLE (Groundball, 34D, EV 111.2 MPH)
|
Batting: RHB Gavin Fimple
|
0-0: Ball Salvador Caldera steals 2nd base 1-0: Foul Ball, location: 2F 1-1: Ball 2-1: Foul Ball, location: 2F 2-2: Ball 3-2: Strikes out swinging
|
Batting: RHB Nate Taylor
|
0-0: Called Strike 0-1: Ground out 5-3 (Groundball, 56S, EV 79.4 MPH)
|
Top of the 3rd over - 0 runs, 1 hit, 0 errors, 1 left on base; Hickory 0 - Bowling Green 0 |
BOTTOM OF THE 3RD |
Bowling Green Hot Rods batting - Pitching for Hickory Crawdads : RHP Dan Rohrbach
|
Batting: RHB Antonio Pacheco
|
0-0: Called Strike 0-1: Swinging Strike 0-2: DOUBLE (Line Drive, 9LS, EV 95.6 MPH)
|
Batting: RHB Azedine Kirui
|
0-0: Ball 1-0: Called Strike 1-1: Swinging Strike 1-2: Ball 2-2: Foul Ball, location: 2F 2-2: Strikes out looking
|
Batting: RHB Alex Diaz
|
0-0: Foul Ball, location: 2F 0-1: Foul Ball, location: 2F 0-2: Strikes out looking
|
Batting: SHB Joey Pacheco
|
0-0: Ball 1-0: Ball 2-0: Called Strike 2-1: Called Strike 2-2: Strikes out swinging
|
Bottom of the 3rd over - 0 runs, 1 hit, 0 errors, 1 left on base; Hickory 0 - Bowling Green 0 |
TOP OF THE 4TH |
Hickory Crawdads batting - Pitching for Bowling Green Hot Rods : RHP Jaylin Green
|
Batting: RHB Matt Sanders
|
0-0: Hit by Pitch
|
Batting: LHB Tim Olsen
|
0-0: Called Strike Matt Sanders is caught stealing 2nd base 2-6 0-1: Ball 1-1: Ground out 5-3 (Groundball, 56, EV 87.5 MPH)
|
Batting: RHB Sean Neuroth
|
0-0: Ball 1-0: Ball 2-0: Ball 3-0: Called Strike 3-1: Foul Ball, location: 2F 3-2: Base on Balls
|
Batting: RHB Jorge Benites
|
0-0: Ball Sean Neuroth steals 2nd base 1-0: Ball 2-0: Ball 3-0: Called Strike 3-1: Swinging Strike 3-2: Strikes out looking
|
Top of the 4th over - 0 runs, 0 hits, 0 errors, 1 left on base; Hickory 0 - Bowling Green 0 |
BOTTOM OF THE 4TH |
Bowling Green Hot Rods batting - Pitching for Hickory Crawdads : RHP Dan Rohrbach
|
Batting: LHB Rich Matthews
|
0-0: DOUBLE (Line Drive, 7LD, EV 105.6 MPH)
|
Batting: RHB John Downing
|
0-0: Called Strike 0-1: Ball 1-1: Swinging Strike 1-2: Foul Ball, location: 2F 1-2: Strikes out swinging
|
Batting: LHB Sean Banks
|
0-0: Ground out U3 (Groundball, 3L, EV 103.1 MPH) Rich Matthews to third
|
Batting: RHB Devin Brown
|
0-0: Ball 1-0: Ball 2-0: Ball 3-0: Base on Balls
|
Batting: LHB Jimmy Detrie
|
0-0: Swinging Strike 0-1: Ball 1-1: Ball 2-1: Called Strike 2-2: Ball 3-2: Strikes out swinging
|
Bottom of the 4th over - 0 runs, 1 hit, 0 errors, 2 left on base; Hickory 0 - Bowling Green 0 |
TOP OF THE 5TH |
Hickory Crawdads batting - Pitching for Bowling Green Hot Rods : RHP Jaylin Green
|
Batting: RHB Victor Moya
|
0-0: Called Strike 0-1: Called Strike 0-2: Foul Ball, location: 2F 0-2: Ball 1-2: SINGLE (Flyball, 5D, EV 90.0 MPH)
|
Batting: RHB Isaiah Yarbrough
|
0-0: Fly out, F7 (Flyball, 7, EV 75.6 MPH)
|
Batting: RHB Salvador Caldera
|
0-0: Ball Victor Moya is caught stealing 2nd base 2-4 1-0: Ball 2-0: Ball 3-0: Base on Balls
|
Batting: RHB Gavin Fimple
|
0-0: Called Strike 0-1: Hit by Pitch Salvador Caldera to second
|
Batting: RHB Nate Taylor
|
0-0: Called Strike 0-1: Ball 1-1: Fly out, F9 (Flyball, 9D, EV 87.5 MPH)
|
Top of the 5th over - 0 runs, 1 hit, 0 errors, 2 left on base; Hickory 0 - Bowling Green 0 |
BOTTOM OF THE 5TH |
Bowling Green Hot Rods batting - Pitching for Hickory Crawdads : RHP Dan Rohrbach
|
Batting: RHB Antonio Pacheco
|
0-0: Foul Ball, location: 2F 0-1: Ball 1-1: Called Strike 1-2: Fly out, F8 (Flyball, 8LXD, EV 102.5 MPH)
|
Batting: RHB Azedine Kirui
|
0-0: Swinging Strike 0-1: Swinging Strike 0-2: Ball 1-2: Foul Ball, location: 2F 1-2: Ball 2-2: Ball 3-2: Base on Balls
|
Batting: RHB Alex Diaz
|
0-0: Ball 1-0: Ball 2-0: Ball 3-0: Called Strike 3-1: Base on Balls Azedine Kirui to second
|
Pitching: RHP Taylor Drews
|
|
Batting: SHB Joey Pacheco
|
0-0: Ball 1-0: Foul Ball, location: 2F 1-1: Swinging Strike 1-2: Ball 2-2: Ball 3-2: Strikes out looking
|
Batting: LHB Rich Matthews
|
0-0: Swinging Strike 0-1: Foul Ball, location: 2F 0-2: Ground out 5-3 (Groundball, 5S, EV 89.4 MPH)
|
Bottom of the 5th over - 0 runs, 0 hits, 0 errors, 2 left on base; Hickory 0 - Bowling Green 0 |
TOP OF THE 6TH |
Hickory Crawdads batting - Pitching for Bowling Green Hot Rods : RHP Jaylin Green
|
Batting: RHB Matt Sanders
|
0-0: Called Strike 0-1: Ball 1-1: Swinging Strike 1-2: Ball 2-2: Strikes out looking
|
Batting: LHB Tim Olsen
|
0-0: Foul Ball, location: 2F 0-1: Foul Ball, location: 2F 0-2: Foul Ball, location: 2F 0-2: Foul Ball, location: 2F 0-2: SINGLE (Flyball, 8RS, EV 93.1 MPH)
|
Batting: RHB Sean Neuroth
|
0-0: Ball 1-0: Ball 2-0: Called Strike 2-1: Swinging Strike 2-2: Fly out, F4 (Popup, 3D, EV 55.0 MPH)
|
Batting: RHB Jorge Benites
|
0-0: Ball 1-0: Called Strike 1-1: Ball Tim Olsen steals 2nd base 2-1: Ground out 4-3 (Groundball, 4, EV 80.6 MPH)
|
Top of the 6th over - 0 runs, 1 hit, 0 errors, 1 left on base; Hickory 0 - Bowling Green 0 |
BOTTOM OF THE 6TH |
Bowling Green Hot Rods batting - Pitching for Hickory Crawdads : RHP Taylor Drews
|
Batting: RHB John Downing
|
0-0: Swinging Strike 0-1: Ball 1-1: Ground out 6-3 (Groundball, 6, EV 81.9 MPH)
|
Batting: LHB Sean Banks
|
0-0: Ball 1-0: Reached on error, E4 (Groundball, 4, EV 103.1 MPH)
|
Batting: RHB Devin Brown
|
0-0: Ball 1-0: Grounds into double play, 6-4-3 (Groundball, 6, EV 86.9 MPH)
|
Bottom of the 6th over - 0 runs, 0 hits, 1 error, 0 left on base; Hickory 0 - Bowling Green 0 |
TOP OF THE 7TH |
Hickory Crawdads batting - Pitching for Bowling Green Hot Rods : RHP Jaylin Green
|
Batting: RHB Victor Moya
|
0-0: Called Strike 0-1: Called Strike 0-2: Strikes out swinging
|
Batting: RHB Isaiah Yarbrough
|
0-0: Ball 1-0: Fly out, F3 (Popup, 3S, EV 66.9 MPH)
|
Batting: RHB Salvador Caldera
|
0-0: Ball 1-0: Swinging Strike 1-1: Foul Ball, location: 2F 1-2: Fly out, F3 (Popup, 3SF, EV 84.4 MPH)
|
Top of the 7th over - 0 runs, 0 hits, 0 errors, 0 left on base; Hickory 0 - Bowling Green 0 |
BOTTOM OF THE 7TH |
Bowling Green Hot Rods batting - Pitching for Hickory Crawdads : RHP Taylor Drews
|
Batting: LHB Jimmy Detrie
|
0-0: Ball 1-0: Called Strike 1-1: Called Strike 1-2: Ball 2-2: Ball 3-2: SINGLE (Groundball, 4MD, EV 100.6 MPH)
|
Batting: RHB Antonio Pacheco
|
0-0: Sac Bunt to 23 - play at first, batter OUT! 3-4 Jimmy Detrie to second
|
Batting: RHB Azedine Kirui
|
0-0: Ball 1-0: Ball 2-0: DOUBLE (Flyball, 8LXD, EV 111.2 MPH) Jimmy Detrie scores
|
Batting: RHB Alex Diaz
|
0-0: Foul Ball, location: 2F 0-1: Ball 1-1: Ball 2-1: Swinging Strike 2-2: Ball 3-2: Base on Balls
|
Batting: SHB Joey Pacheco
|
0-0: Swinging Strike 0-1: Swinging Strike 0-2: Strikes out swinging
|
Batting: LHB Rich Matthews
|
0-0: Ball 1-0: Foul Ball, location: 2F 1-1: Foul Ball, location: 2F 1-2: Foul Ball, location: 2F 1-2: Ball 2-2: Foul Ball, location: 2F 2-2: Foul Ball, location: 2F 2-2: Strikes out looking
|
Bottom of the 7th over - 1 run, 2 hits, 0 errors, 2 left on base; Hickory 0 - Bowling Green 1 |
TOP OF THE 8TH |
Hickory Crawdads batting - Pitching for Bowling Green Hot Rods : RHP Jaylin Green
|
Now in LF: Jesse Haddad
|
|
Batting: RHB Gavin Fimple
|
0-0: Ball 1-0: Ball 2-0: Called Strike 2-1: Ball 3-1: Swinging Strike 3-2: Foul Ball, location: 2F 3-2: DOUBLE (Line Drive, 89M, EV 94.4 MPH)
|
Pitching: RHP Andres Morales
|
|
Batting: RHB Nate Taylor
|
0-0: Called Strike 0-1: Foul Ball, location: 2F 0-2: Strikes out swinging
|
Pinch Hitting: LHB Alfonso Collazo
|
0-0: Called Strike 0-1: Ball 1-1: Swinging Strike 1-2: Strikes out swinging
|
Pitching: LHP Jamie Houtman
|
|
Pinch Hitting: RHB Dale Aubrey
|
0-0: Called Strike 0-1: Ground out 5-3 (Groundball, 56S, EV 71.9 MPH)
|
Top of the 8th over - 0 runs, 1 hit, 0 errors, 1 left on base; Hickory 0 - Bowling Green 1 |
BOTTOM OF THE 8TH |
Bowling Green Hot Rods batting - Pitching for Hickory Crawdads : RHP Taylor Drews
|
Pitching: LHP Valery Sahanov
|
|
Now in LF: Alfonso Collazo
|
|
Now in CF: Dale Aubrey
|
|
Batting: RHB John Downing
|
0-0: Ground out 5-3 (Groundball, 56, EV 81.2 MPH)
|
Batting: LHB Sean Banks
|
0-0: Hit by Pitch
|
Batting: RHB Devin Brown
|
0-0: Ball 1-0: Swinging Strike 1-1: Ball 2-1: Ball Sean Banks is caught stealing 2nd base 2-4 3-1: Foul Ball, location: 2F 3-2: Foul Ball, location: 2F 3-2: Foul Ball, location: 2F 3-2: Strikes out swinging
|
Bottom of the 8th over - 0 runs, 0 hits, 0 errors, 0 left on base; Hickory 0 - Bowling Green 1 |
TOP OF THE 9TH |
Hickory Crawdads batting - Pitching for Bowling Green Hot Rods : LHP Jamie Houtman
|
Batting: RHB Sean Neuroth
|
0-0: Ball 1-0: Ball 2-0: Called Strike 2-1: Ball 3-1: Called Strike 3-2: SINGLE (Line Drive, 7S, EV 107.5 MPH)
|
Batting: RHB Jorge Benites
|
0-0: Ball Sean Neuroth steals 2nd base 1-0: Called Strike 1-1: TRIPLE (Line Drive, 78XD, EV 106.2 MPH) Sean Neuroth scores
|
Batting: RHB Victor Moya
|
0-0: Called Strike 0-1: Swinging Strike 0-2: TRIPLE (Line Drive, 89XD, EV 101.9 MPH) Jorge Benites scores
|
Batting: RHB Isaiah Yarbrough
|
0-0: Foul Ball, location: 2F 0-1: Swinging Strike 0-2: Strikes out looking
|
Batting: RHB Salvador Caldera
|
0-0: Intentional Walk
|
Batting: RHB Gavin Fimple
|
0-0: Ball Salvador Caldera is caught stealing 2nd base 2-4 1-0: Foul Ball, location: 2F 1-1: Ball 2-1: Foul Ball, location: 2F 2-2: Strikes out looking
|
Top of the 9th over - 2 runs, 3 hits, 0 errors, 1 left on base; Hickory 2 - Bowling Green 1 |
BOTTOM OF THE 9TH |
Bowling Green Hot Rods batting - Pitching for Hickory Crawdads : LHP Valery Sahanov
|
Pitching: RHP Johnny Munoz
|
|
Batting: LHB Jimmy Detrie
|
0-0: Called Strike 0-1: Ground out 4-3 (Groundball, 4, EV 83.8 MPH)
|
Batting: RHB Antonio Pacheco
|
0-0: Called Strike 0-1: Ball 1-1: Called Strike 1-2: Foul Ball, location: 2F 1-2: Ground out 6-3 (Groundball, 56, EV 106.9 MPH)
|
Batting: RHB Azedine Kirui
|
0-0: Fly out, F9 (Line Drive, 9, EV 108.8 MPH)
|
Bottom of the 9th over - 0 runs, 0 hits, 0 errors, 0 left on base; Hickory 2 - Bowling Green 1 |
|